 Dungeon Sprint DCSS version 0.17-a0-1674-g2b13139 (webtiles) character file.

11703 Kidiri the Unseen (level 11, -7/51 HPs)
             Began as a Spriggan Enchanter on Aug 18, 2015.
             Was the Champion of Dithmenos.
             Mangled by a four-headed hydra (11 damage)
             ... in the Dungeon (Sprint III: "The Ten Rune Challenge").
             The game lasted 00:16:03 (2523 turns).

Kidiri the Unseen (Spriggan Enchanter)              Turns: 2523, Time: 00:16:03

Health: -7/51      AC:  4    Str:  4    XL:     11   Next: 52%
Magic:  29/30      EV: 12    Int: 18    God:    Dithmenos [******]
Gold:   39         SH:  0    Dex: 17    Spells: 14 memorised, 1 level left

rFire  x . .     SeeInvis +     a - +1 dagger
rCold  + + .     Clarity  .     e - ice dragon hide
rNeg   . . .     SustAt   .     (shield restricted)
rPois  .         Gourm    .     (helmet restricted)
rElec  .         Spirit   .     (no cloak)
rCorr  .         Warding  .     (gloves unavailable)
rMut   .         NoTele   +     (boots unavailable)
MR     +....                    (no amulet)
Stlth  ++++++++++               (no ring)
                                (no ring)

@: wreathed by umbra, very quick, somewhat resistant to hostile enchantments,
uncannily stealthy
A: unfitting armour, see invisible, breathe flames 1, clumsy 1, herbivore 3,
speed 3, robust 1, slow metabolism 2
a: Shadow Step, Shadow Form, Renounce Religion, Breathe Fire


You were in the Dungeon.
You worshipped Dithmenos.
Dithmenos was exalted by your worship.
You were not hungry.

You visited 1 branch You collected 39 gold pieces.

Inventory:

Hand weapons
 a - a +1 dagger (weapon)
Missiles
 l - 10 throwing nets (quivered)
Armour
 b - a +1 robe
 e - an ice dragon hide (worn)
Scrolls
 j - a scroll of blinking
 n - 4 scrolls of remove curse
Potions
 f - a potion of heal wounds
 g - a potion of haste
 i - a potion of berserk rage
 p - 2 potions of cure mutation
 s - a potion of brilliance {unknown}
Books
 c - a book of Death

   Spells                             Type                      Level
   a - Corpse Rot                     Necromancy                   2
   b - Sublimation of Blood           Necromancy                   2
   c - Agony                          Necromancy                   5
   d - Dispel Undead                  Necromancy                   5
   e - Excruciating Wounds            Charms/Necromancy            5
   f - Bolt of Draining               Conjuration/Necromancy       5
 k - a book of Necromancy

   Spells                             Type                      Level
   a - Pain                           Necromancy                   1
   b - Animate Skeleton               Necromancy                   1
   c - Vampiric Draining              Necromancy                   3
   d - Regeneration                   Charms/Necromancy            3
   e - Animate Dead                   Necromancy                   4
   f - Control Undead                 Necromancy                   4
Comestibles
 d - 2 bread rations
 m - 6 fruits
 o - 24 royal jellies


   Skills:
 + Level 9.7 Short Blades
 * Level 16.6 Dodging
 * Level 18.3 Stealth
 * Level 14.3 Spellcasting
 + Level 6.2 Conjurations
 + Level 10.9 Hexes
 + Level 10.7 Charms
 + Level 6.6 Necromancy
 + Level 7.1 Ice Magic
 - Level 2.8 Invocations


You had one spell level left.
You knew the following spells:

 Your Spells              Type           Power        Failure   Level  Hunger
a - Corona                Hex            ######.      6%          1    None
b - Ensorcelled Hibernat  Hex/Ice        #####.       17%         2    None
c - Confuse               Hex            ######..     17%         3    None
d - Tukima's Dance        Hex            ######..     17%         3    None
e - Dazzling Spray        Conj/Hex       #####...     41%         3    None
f - Animate Skeleton      Necr           N/A          34%         1    None
g - Pain                  Necr           ####         34%         1    None
h - Corpse Rot            Necr           N/A          50%         2    None
i - Sublimation of Blood  Necr           #####.....   50%         2    None
j - Regeneration          Chrm/Necr      #####.....   41%         3    None
k - Vampiric Draining     Necr           #####.....   87%         3    None
l - Animate Dead          Necr           N/A          100%        4    None
m - Control Undead        Necr           #####.....   100%        4    None
n - Excruciating Wounds   Chrm/Necr      #####.....   100%        5    ####...


Dungeon Overview and Level Annotations

Branches:
Dungeon (1/1)

Altars:
Cheibriados
Dithmenos
Elyvilon
Fedhas
Gozag
Kikubaaqudgha
Makhleb
Nemelex Xobeh
Okawaru
Qazlal
Ru
Sif Muna
Trog
Vehumet
Xom
Yredelemnul
Zin
The Shining One
Jiyva
Lugonu

Shops:
D :%(


Innate Abilities, Weirdness & Mutations

You are tiny and cannot use many weapons and most armour.
You have supernaturally acute eyesight.
You are a herbivore.
You cover ground extremely quickly.
You need consume almost no food.
You can breathe flames.
You are clumsy. (Dex -2)
You are robust (+10% HP).


Message History

Really walk into a travel-excluded area?
Wear which item? (? for menu, Esc to quit)
Keep disrobing?
You start removing your armour.
You continue taking off your ice dragon hide.
The four-headed hydra bites your spriggan zombie! x2
Your spriggan zombie is destroyed!
You continue taking off your ice dragon hide. x2
The four-headed hydra bites you!
* * * LOW HITPOINT WARNING * * *
You emit a cloud of dark smoke.
The four-headed hydra barely misses you.
The four-headed hydra bites you.
* * * LOW HITPOINT WARNING * * *
The four-headed hydra bites you but does no damage.
You continue taking off your ice dragon hide.
The four-headed hydra bites you.
* * * LOW HITPOINT WARNING * * *
The four-headed hydra bites you!
You die...

#.♣♣ #♣Z♣
♣.♣♣ ♣♣.♣
♣.♣♣ ♣.♣♣
♣..♣♣#
♣♣.♣♣§####♣♣
♣♣%♣♣§§D@§♣
♣♣.≈♣♣♣♣♣♣§♣
♣≈.....≈§§§♣
♣....≈§Z§§.♣
♣.♣..≈≈Z§§.♣
♣♣♣♣♣♣♣♣§§∩♣
♣♣♣♣♣


You could see a four-headed hydra.

Vanquished Creatures
  Maud (D)
  2 hydras (D)
  2 ice dragons (D)
  Erolcha (D)
  A death drake (D)
  A spriggan druid (D)
  A lindwurm (D)
  2 spiny frogs (D)
  A komodo dragon (D)
  A deep elf priest (D)
  3 wandering mushrooms (D)
  A queen bee (D)
  A shadow (D)
  4 redbacks (D)
  2 trapdoor spiders (D)
  2 spriggans (D)
  A spatial vortex (D)
  2 hill giants (D)
  A necrophage (D)
  2 brain worms (D)
  3 two-headed ogres (D)
  A water elemental (D)
  A scorpion (D)
  26 killer bees (D)
  An electric eel (D)
  A wizard (D)
  A jelly (D)
  Jessica (D)
  A necromancer (D)
  3 humans (D)
  A kobold demonologist (D)
  2 swamp drake simulacra (D)
  2 oozes (D)
  A rat (D)
77 creatures vanquished.

Vanquished Creatures (collateral kills)
  6 killer bees (D)
6 creatures vanquished.

Vanquished Creatures (others)
  2 draconian scorchers (D)
  2 yaktaurs (D)
  5 plants (D)
9 creatures vanquished.

Grand Total: 92 creatures vanquished

Notes
Turn   | Place    | Note
--------------------------------------------------------------
     0 | D        | Kidiri the Spriggan Enchanter began the quest for the Orb.
     0 | D        | Reached XP level 1. HP: 9/9 MP: 5/5
     7 | D        | Reached skill level 5 in Stealth
    20 | D        | Reached XP level 2. HP: 10/13 MP: 5/7
    24 | D        | Learned a level 2 spell: Ensorcelled Hibernation
    96 | D        | Noticed Jessica
    99 | D        | Killed Jessica
    99 | D        | Reached skill level 5 in Dodging
    99 | D        | Reached skill level 6 in Stealth
    99 | D        | Reached XP level 3. HP: 16/16 MP: 7/9
   165 | D        | Reached skill level 7 in Stealth
   165 | D        | Reached skill level 1 in Ice Magic
   223 | D        | Learned a level 3 spell: Confuse
   227 | D        | Learned a level 3 spell: Tukima's Dance
   234 | D        | Noticed a scorpion
   248 | D        | Killed a scorpion
   248 | D        | Reached skill level 8 in Stealth
   248 | D        | Reached skill level 5 in Spellcasting
   248 | D        | Reached skill level 5 in Hexes
   248 | D        | Reached XP level 4. HP: 21/21 MP: 6/12
   270 | D        | Killed a white draconian scorcher
   296 | D        | Gained mutation: Your magical capacity is low (-10% MP). [potion of mutation]
   296 | D        | Gained mutation: Your spells are a little easier to cast, but a little less powerful. [potion of mutation]
   296 | D        | Gained mutation: You are clumsy. (Dex -2) [potion of mutation]
   297 | D        | Lost mutation: Your spells are a little easier to cast, but a little less powerful. [potion of cure mutation]
   297 | D        | Lost mutation: Your magical capacity is low (-10% MP). [potion of cure mutation]
   297 | D        | Lost mutation: You are clumsy. (Dex -2) [potion of cure mutation]
   299 | D        | Killed a white draconian scorcher
   397 | D        | Gained mutation: You are robust (+10% HP). [potion of mutation]
   397 | D        | Gained mutation: You are clumsy. (Dex -2) [potion of mutation]
   397 | D        | Gained mutation: You can breathe flames. [potion of mutation]
   407 | D        | Killed a yaktaur
   419 | D        | Learned a level 3 spell: Dazzling Spray
   435 | D        | Noticed a water elemental
   437 | D        | Killed a water elemental
   437 | D        | Reached skill level 1 in Conjurations
   437 | D        | Reached XP level 5. HP: 26/26 MP: 12/14
   455 | D        | Noticed a jelly
   456 | D        | Noticed a shadow
   458 | D        | Killed a shadow
   458 | D        | Reached skill level 9 in Dodging
   458 | D        | Reached skill level 10 in Stealth
   458 | D        | Reached XP level 6. HP: 30/30 MP: 14/17
   462 | D        | Killed a jelly
   467 | D        | Found a stormy altar of Qazlal.
   467 | D        | Noticed a spatial vortex
   468 | D        | Found a sacrificial altar of Ru.
   468 | D        | Found a burning altar of Makhleb.
   468 | D        | Found a viscous altar of Jiyva.
   468 | D        | Found a shimmering altar of Xom.
   468 | D        | Found a shadowy altar of Dithmenos.
   468 | D        | Found a sparkling altar of Nemelex Xobeh.
   468 | D        | Found a corrupted altar of Lugonu.
   468 | D        | Found an opulent altar of Gozag.
   472 | D        | Became a worshipper of Dithmenos the Shadowed
   473 | D        | Killed a spatial vortex
   473 | D        | Reached skill level 5 in Short Blades
   473 | D        | Reached skill level 10 in Dodging
   473 | D        | Reached skill level 11 in Stealth
   473 | D        | Reached skill level 1 in Invocations
   498 | D        | Found a radiant altar of Vehumet.
   499 | D        | Found a deep blue altar of Sif Muna.
   499 | D        | Found an ancient bone altar of Kikubaaqudgha.
   499 | D        | Noticed a wizard
   500 | D        | Killed a wizard
   502 | D        | Reached XP level 7. HP: 35/35 MP: 20/20
   517 | D        | Learned a level 1 spell: Animate Skeleton
   519 | D        | Learned a level 1 spell: Pain
   522 | D        | Learned a level 2 spell: Corpse Rot
   525 | D        | Learned a level 2 spell: Sublimation of Blood
   529 | D        | Learned a level 3 spell: Regeneration
   577 | D        | Found a glowing silver altar of Zin.
   578 | D        | Found a glowing golden altar of the Shining One.
   578 | D        | Found a white marble altar of Elyvilon.
   578 | D        | Noticed a deep elf priest
   580 | D        | Killed a deep elf priest
   580 | D        | Reached skill level 12 in Stealth
   580 | D        | Reached skill level 1 in Necromancy
   591 | D        | Found an iron altar of Okawaru.
   592 | D        | Found a bloodstained altar of Trog.
   592 | D        | Noticed a human
   592 | D        | Noticed a human
   602 | D        | Killed a human
   605 | D        | Killed a human
   605 | D        | Reached XP level 8. HP: 26/39 MP: 13/22
   612 | D        | Learned a level 3 spell: Vampiric Draining
   708 | D        | Found a snail-covered altar of Cheibriados.
   708 | D        | Noticed a necrophage
   709 | D        | Found a basalt altar of Yredelemnul.
   709 | D        | Found a blossoming altar of Fedhas.
   709 | D        | Noticed a necromancer
   714 | D        | Killed a necromancer
   714 | D        | Acquired Dithmenos's first power
   717 | D        | Killed a necrophage
   774 | D        | Killed a yaktaur
   795 | D        | Noticed a two-headed ogre
   795 | D        | Noticed a two-headed ogre
   799 | D        | Killed a two-headed ogre
   805 | D        | Noticed a two-headed ogre
   806 | D        | Killed a two-headed ogre
   806 | D        | Reached skill level 10 in Spellcasting
   810 | D        | Killed a two-headed ogre
   810 | D        | Acquired Dithmenos's second power
   810 | D        | Reached skill level 13 in Stealth
   941 | D        | Noticed a hill giant
   944 | D        | Killed a hill giant
   956 | D        | Noticed a hill giant
   956 | D        | Noticed Erolcha
   958 | D        | Killed Erolcha
   958 | D        | Reached skill level 5 in Charms
   958 | D        | Reached XP level 9. HP: 42/42 MP: 24/24
   959 | D        | Killed a hill giant
   959 | D        | Reached skill level 14 in Stealth
   970 | D        | Learned a level 4 spell: Animate Dead
   971 | D        | Noticed a redback
   992 | D        | Killed a redback
   992 | D        | Reached skill level 5 in Ice Magic
  1013 | D        | Noticed a trapdoor spider
  1018 | D        | Killed a trapdoor spider
  1151 | D        | Noticed a trapdoor spider
  1154 | D        | Killed a trapdoor spider
  1154 | D        | Acquired Dithmenos's third power
  1211 | D        | Noticed a killer bee
  1211 | D        | Noticed a killer bee
  1211 | D        | Noticed a killer bee
  1211 | D        | Noticed a killer bee
  1211 | D        | Noticed a killer bee
  1211 | D        | Noticed a killer bee
  1211 | D        | Noticed a killer bee
  1211 | D        | Noticed a killer bee
  1211 | D        | Noticed a killer bee
  1211 | D        | Noticed a killer bee
  1211 | D        | Noticed a killer bee
  1211 | D        | Noticed a killer bee
  1211 | D        | Noticed a killer bee
  1211 | D        | Noticed a killer bee
  1211 | D        | Noticed a killer bee
  1212 | D        | Noticed a killer bee
  1212 | D        | Noticed a killer bee
  1212 | D        | Noticed a killer bee
  1212 | D        | Noticed a killer bee
  1212 | D        | Noticed a killer bee
  1212 | D        | Noticed a killer bee
  1212 | D        | Noticed a killer bee
  1212 | D        | Noticed a killer bee
  1212 | D        | Noticed a killer bee
  1212 | D        | Noticed a killer bee
  1212 | D        | Noticed a queen bee
  1212 | D        | Noticed a killer bee
  1212 | D        | Noticed a killer bee
  1212 | D        | Noticed a killer bee
  1212 | D        | Noticed a killer bee
  1212 | D        | Noticed a killer bee
  1212 | D        | Noticed a killer bee
  1212 | D        | Noticed a killer bee
  1213 | D        | Killed a killer bee
  1219 | D        | Killed a killer bee
  1221 | D        | Killed a killer bee
  1224 | D        | Killed a killer bee
  1226 | D        | Killed a killer bee
  1228 | D        | Killed a killer bee
  1228 | D        | Acquired Dithmenos's fourth power
  1230 | D        | Killed a killer bee
  1232 | D        | Killed a killer bee
  1238 | D        | Killed a killer bee
  1254 | D        | Killed a killer bee
  1255 | D        | Killed a killer bee
  1264 | D        | Killed a killer bee
  1264 | D        | Reached skill level 15 in Stealth
  1268 | D        | Killed a killer bee
  1274 | D        | Killed a killer bee
  1276 | D        | Killed a killer bee
  1278 | D        | Killed a killer bee
  1505 | D        | Killed a killer bee
  1512 | D        | Killed a killer bee
  1514 | D        | Killed a killer bee
  1588 | D        | Killed a killer bee
  1593 | D        | Killed a killer bee
  1596 | D        | Killed a killer bee
  1598 | D        | Killed a killer bee
  1607 | D        | Killed a killer bee
  1609 | D        | Killed a killer bee
  1623 | D        | Killed a killer bee
  1628 | D        | Killed a killer bee
  1635 | D        | Killed a killer bee
  1869 | D        | Killed a killer bee
  1872 | D        | Killed a killer bee
  1872 | D        | Reached XP level 10. HP: 48/48 MP: 12/27
  1875 | D        | Killed a queen bee
  1876 | D        | Killed a killer bee
  1876 | D        | Killed a killer bee
  2081 | D        | Noticed a wandering mushroom
  2082 | D        | Noticed a wandering mushroom
  2082 | D        | Noticed a wandering mushroom
  2084 | D        | Killed a wandering mushroom
  2087 | D        | Killed a wandering mushroom
  2088 | D        | Killed a wandering mushroom
  2088 | D        | Reached skill level 5 in Conjurations
  2094 | D        | Noticed a spiny frog
  2094 | D        | Noticed a komodo dragon
  2094 | D        | Noticed a spiny frog
  2096 | D        | Killed a spiny frog
  2096 | D        | Reached skill level 16 in Stealth
  2096 | D        | Reached skill level 5 in Necromancy
  2097 | D        | Killed a komodo dragon
  2098 | D        | Killed a spiny frog
  2103 | D        | Noticed a redback
  2105 | D        | Killed a redback
  2106 | D        | Noticed a brain worm
  2109 | D        | Killed a brain worm
  2113 | D        | Noticed a brain worm
  2115 | D        | Killed a brain worm
  2119 | D        | Noticed a lindwurm
  2121 | D        | Noticed a redback
  2122 | D        | Killed a lindwurm
  2122 | D        | Reached skill level 15 in Dodging
  2124 | D        | Killed a redback
  2124 | D        | Reached skill level 10 in Hexes
  2129 | D        | Noticed a redback
  2130 | D        | Killed a redback
  2131 | D        | Noticed Maud
  2134 | D        | Killed Maud
  2134 | D        | Reached skill level 17 in Stealth
  2134 | D        | Reached XP level 11. HP: 51/51 MP: 4/29
  2272 | D        | Noticed an electric eel
  2273 | D        | Noticed a four-headed hydra
  2273 | D        | Noticed a six-headed hydra
  2274 | D        | Killed an electric eel
  2276 | D        | Killed a four-headed hydra
  2277 | D        | Killed a six-headed hydra
  2277 | D        | Reached skill level 10 in Charms
  2285 | D        | Noticed a death drake
  2288 | D        | Killed a death drake
  2300 | D        | Learned a level 4 spell: Control Undead
  2306 | D        | Learned a level 5 spell: Excruciating Wounds
  2312 | D        | Found a blossoming altar of Fedhas.
  2312 | D        | Noticed a spriggan
  2312 | D        | Noticed a spriggan druid
  2312 | D        | Noticed a spriggan
  2314 | D        | Killed a spriggan druid
  2314 | D        | Reached skill level 18 in Stealth
  2315 | D        | Killed a spriggan
  2316 | D        | Killed a spriggan
  2337 | D        | Your ally Maud died
  2348 | D        | Noticed an ice dragon
  2349 | D        | Found Qoinet's Book Emporium.
  2349 | D        | Found Keidanei's Food Shop.
  2354 | D        | Found Jesheut's Antique Weapon Shoppe.
  2354 | D        | Noticed an ice dragon
  2372 | D        | Killed an ice dragon
  2374 | D        | Killed an ice dragon
  2505 | D        | Noticed an ice dragon
  2515 | D        | Noticed a four-headed hydra
  2523 | D        | Mangled by a four-headed hydra

Vault maps used:
D:        dungeon_sprint_mu

Action                   |  1- 3 |  4- 6 |  7- 9 | 10-12 || total
-------------------------+-------+-------+-------+-------++-------
Melee: Dagger            |    28 |     6 |    75 |    33 ||   142
 Cast: Ensorcelled Hiber |     5 |       |    41 |     1 ||    47
       Confuse           |       |       |     3 |     4 ||     7
       Dazzling Spray    |       |       |    12 |    13 ||    25
       Animate Dead      |       |       |     3 |     8 ||    11
Invok: Shadow Step       |       |       |     2 |     6 ||     8
  Use: Scroll            |       |     4 |       |       ||     4
       Potion            |       |     3 |     3 |     1 ||     7
 Stab: Sleeping          |     4 |     6 |    31 |    19 ||    60
       Confused          |       |       |     5 |     3 ||     8
